 Dungeon Crawl Stone Soup version 0.31-a0-1057-g70f3316b05 (webtiles) character file.

Game seed: 16444698030556521765

4719 CoinPitGoblin the Thaumaturge (level 10, -1/50 HPs)
             Began as a Deep Elf Earth Elementalist on Nov 20, 2023.
             Was an Initiate of Sif Muna.
             Succumbed to Amaemon's poison
             ... on level 8 of the Dungeon.
             The game lasted 00:31:25 (8500 turns).

CoinPitGoblin the Thaumaturge (DEEE)                Turns: 8500, Time: 00:31:25

Health: -1/50      AC: 10    Str:  5    XL:     10   Next: 22%
Magic:  28/29      EV: 13    Int: 25    God:    Sif Muna [......]
Gold:   335        SH:  0    Dex: 15    Spells: 16/36 levels left

rFire   . . .        A - +3 short sword (protect)
rCold   . . .        (no shield)
rNeg    + . .        a - +0 robe
rPois   .            n - +1 helmet
rElec   .            z - +0 cloak
rCorr   .            d - +0 pair of gloves
SInv    .            (no boots)
Will    +....        v - amulet of the acrobat
Stlth   ++           e - +4 ring of protection
HPRegen 0.28/turn    f - ring of positive energy
MPRegen 0.21/turn

%: acrobat
@: lethally poisoned (-1 -> -22), studying Maces & Flails
A: no striking features
a: Renounce Religion


You were on level 8 of the Dungeon.
You worshipped Sif Muna.
Sif Muna was noncommittal.
You visited 2 branches of the dungeon, and saw 9 of its levels.

You collected 335 gold pieces.

Inventory:

Hand Weapons
 l - a +2 shortbow of draining
 w - a +3 short sword of electrocution
 A - a +3 short sword of protection (weapon)
Armour
 a - a +0 robe (worn)
 d - a +0 pair of gloves (worn)
 i - an orb of guile
 n - a +1 helmet (worn)
 u - +0 acid dragon scales
 z - a +0 cloak (worn)
Magical Staves
 m - a staff of poison
Jewellery
 e - a +4 ring of protection (left hand)
 f - a ring of positive energy (right hand)
 q - a ring of fire
 t - a ring of poison resistance
 v - an amulet of the acrobat (around neck)
Talismans
 s - a flux talisman
Scrolls
 o - a scroll of teleportation
 p - a scroll of blinking
Potions
 c - 2 potions of invisibility
 g - a potion of cancellation
 h - a potion of brilliance
 j - 3 potions of curing
 k - a potion of mutation
 r - 3 potions of haste {unknown}
Miscellaneous
 x - a phial of floods
 y - a tin of tremorstones (2/2)


   Skills:
 + Level 4.0 Dodging
 - Level 2.4 Stealth
 + Level 13.6 Spellcasting
 + Level 7.1 Necromancy
 + Level 1.1 Transmutations
 + Level 10.0 Earth Magic


You had 16 spell levels left.
You knew the following spells:

 Your Spells              Type           Power      Damage    Failure   Level
a - Stone Arrow           Conj/Erth      84%        3d12      1%          3
b - Dispel Undead         Necr           52%        3d19      1%          4
c - Vampiric Draining     Necr           52%        2d9       1%          3
q - Sandblast             Erth           100%       2d20      1%          1
s - Brom's Barrelling Bo  Conj/Erth      42%        2d6       4%          4
x - Inner Flame           Hex/Fire       17%        N/A       10%         3
z - Passwall              Tmut/Erth      36%        N/A       1%          2

Your spell library contained the following spells:

 Spells                   Type           Power      Damage    Failure   Level
 Kiss of Death            Conj/Necr      100%       2d13      1%          1
 Sublimation of Blood     Necr           52%        N/A       1%          2
 Animate Dead             Necr           52%        N/A       1%          4
 Slow                     Hex            68%        N/A       3%          1
 Wereblood                Tmut           22%        N/A       3%          2
 Petrify                  Tmut/Erth      44%        N/A       3%          4
 Blink                    Tloc           34%        N/A       4%          2
 Confusing Touch          Hex            17%        N/A       10%         3
 Frozen Ramparts          Ice            34%        1d6       10%         3
 Hailstorm                Conj/Ice       17%        3d6       10%         3
 Ozocubu's Armour         Ice            17%        N/A       10%         3
 Sigil of Binding         Hex            17%        N/A       10%         3
 Flame Wave               Conj/Fire      17%        2d7       32%         4
 Manifold Assault         Tloc           17%        N/A       32%         4
 Sticky Flame             Conj/Fire      17%        2d4       32%         4
 Metabolic Englaciation   Hex/Ice        8%         N/A       67%         5
 Simulacrum               Ice/Necr       17%        N/A       75%         6
 Haunt                    Necr/Summ      17%        N/A       100%        7
 Ozocubu's Refrigeration  Ice            8%         4d9       100%        7
 Summon Hydra             Summ           8%         N/A       100%        7
 Infestation              Necr           26%        N/A       100%        8


Dungeon Overview and Level Annotations

Branches:
Dungeon (8/15)             Temple (1/1) D:6
   Lair: D:8-11

Altars:
Ashenzari
Cheibriados
Dithmenos
Elyvilon
Fedhas
Gozag
Hepliaklqana
Kikubaaqudgha
Makhleb
Nemelex Xobeh
Okawaru
Qazlal
Ru
Sif Muna
Trog
Uskayaw
Vehumet
Wu Jian
Xom
Yredelemnul
Zin
The Shining One

Shops:
D:3 :

Annotations:
D:8 Amaemon


Message History

Amaemon claws you but does no damage.
Amaemon tail-slaps you but does no damage.
Your magical contamination has completely faded away.
Unknown command.
Okay, then.
Casting: Sandblast (safe; 1% risk of failure)
Confirm with . or Enter, or press ? or * to list all spells.
Okay, then.
Casting: Sandblast (safe; 1% risk of failure)
Confirm with . or Enter, or press ? or * to list all spells.
Okay, then.
Magic courses through your body.
The orange demon stings you but does no damage.
Amaemon hits you with a +1 demon whip of venom!
You are poisoned.
Amaemon claws you but does no damage.
Amaemon tail-slaps you but does no damage.
Casting: Sandblast (safe; 1% risk of failure)
Confirm with . or Enter, or press ? or * to list all spells.
Aiming: Passwall (safe; 1% risk of failure)
Press: ? - help, Dir - move target, p - Amaemon A rock wall.
You feel very sick. The orange demon barely misses you.
Amaemon hits you with a +1 demon whip of venom.
Amaemon claws you but does no damage. Amaemon barely misses you.
You begin to meditate on the wall.
You continue meditating on the rock.
You feel very sick. The orange demon closely misses you.
Amaemon hits you with a +1 demon whip of venom!
* * * LOW HITPOINT WARNING * * *
You are more poisoned.
Amaemon barely misses you. x2
You continue meditating on the rock.
* * * LOW HITPOINT WARNING * * *
You feel extremely sick.
The orange demon stings you but does no damage.
Amaemon closely misses you. x2; Amaemon completely misses you.
You continue meditating on the rock.
You die...

#. #...<........## o..
##........<...#
....##............#
..................#
.....°....[......##
...###.........## ..#
#.......4## ..
##....###6## #..###
##@### #### ###..##
####.....##
###.........##
###...........<##
##...............###
#..............#...##
###.............#...##
####..[....######..##


You could see Amaemon (inner flame) and an orange demon (curare).

Vanquished Creatures
  A skeletal warrior (D:7)
  2 unseen horrors (D:7)
  A slime creature (D:7)
  A yak (D:7)
  A wyvern (D:7)
  2 water moccasins (D:7)
  An acid dragon (D:7)
  2 black bears
  2 orc warriors (D:7)
  5 ice beasts
  2 sky beasts
  3 ogres
  5 centaurs
  A phantom (D:6)
  3 bullfrogs
  2 scorpions (D:7)
  4 wights (D:7)
  2 jellies
  3 orc priests (D:3)
  4 hounds
  A sleepcap (D:6)
  2 orc wizards
  4 iguanas
  5 adders
  A white imp (D:5)
  2 worms (D:2)
  A dart slug (D:1)
  16 orcs
  4 bats
  6 endoplasms
  7 giant cockroaches
  7 goblins
  7 hobgoblins
  14 kobolds
  6 quokkas
  6 ball pythons
  16 frilled lizards
  3 rats
155 creatures vanquished.

Vanquished Creatures (collateral kills)
  5 boulders
5 creatures vanquished.

Vanquished Creatures (others)
  5 boulders (D:7)
5 creatures vanquished.

Grand Total: 165 creatures vanquished

Notes
Turn   | Place    | Note
-------+----------+-------------------------------------------
     0 | D:1      | CoinPitGoblin the Deep Elf Earth Elementalist began the
                  | quest for the Orb.
     0 | D:1      | Reached XP level 1. HP: 10/10 MP: 6/6
   163 | D:1      | Reached XP level 2. HP: 15/15 MP: 6/8
   311 | D:1      | Noticed a golden eye
   316 | D:1      | Noticed a glass eye
   329 | D:1      | Found a faded altar of an unknown god.
   340 | D:1      | Noticed a golden eye
   474 | D:1      | Noticed a shining eye
   593 | D:1      | Reached XP level 3. HP: 19/19 MP: 4/9
  1038 | D:2      | Reached skill level 4 in Spellcasting
  1441 | D:2      | Reached XP level 4. HP: 24/24 MP: 10/12
  1972 | D:3      | Learned a level 2 spell: Passwall
  1976 | D:3      | Learned a level 3 spell: Stone Arrow
  1980 | D:3      | Learned a level 3 spell: Vampiric Draining
  2013 | D:3      | Learned a level 3 spell: Inner Flame
  2192 | D:3      | Reached skill level 5 in Spellcasting
  2313 | D:3      | Found Kapnap's Book Shop.
  2504 | D:3      | Noticed an ogre
  2508 | D:3      | Killed an ogre
  2509 | D:3      | Reached skill level 1 in Necromancy
  2509 | D:3      | Reached skill level 5 in Earth Magic
  2509 | D:3      | Reached XP level 5. HP: 28/28 MP: 11/15
  2749 | D:3      | Reached skill level 6 in Spellcasting
  2886 | D:3      | Reached XP level 6. HP: 28/32 MP: 13/17
  3867 | D:5      | Entered Level 5 of the Dungeon
  3921 | D:5      | Reached skill level 7 in Spellcasting
  3925 | D:5      | Reached XP level 7. HP: 36/36 MP: 14/19
  3968 | D:4      | Learned a level 4 spell: Brom's Barrelling Boulder
  4063 | D:5      | Reached skill level 8 in Spellcasting
  4325 | D:5      | Reached skill level 9 in Spellcasting
  4325 | D:5      | Reached XP level 8. HP: 41/41 MP: 0/23
  5173 | D:6      | Reached skill level 10 in Spellcasting
  5304 | D:6      | Found a staircase to the Ecumenical Temple.
  5314 | Temple   | Entered the Ecumenical Temple
  5322 | Temple   | Became a worshipper of Sif Muna the Loreminder
  5999 | D:7      | Reached skill level 11 in Spellcasting
  6208 | D:7      | Reached XP level 9. HP: 45/45 MP: 3/26
  6213 | D:7      | Learned a level 4 spell: Dispel Undead
  6386 | D:7      | Identified the +6 falchion of Mepp {chaos, Will+ Stlth+}
  6692 | D:7      | Found a stormy altar of Qazlal.
  6748 | D:7      | Found a blossoming altar of Fedhas.
  6754 | D:7      | Found a white marble altar of Elyvilon.
  6760 | D:7      | Found a hide-covered altar of Uskayaw.
  6764 | D:7      | Found an ancient bone altar of Kikubaaqudgha.
  6770 | D:7      | Found a sacrificial altar of Ru.
  6777 | D:7      | Found a radiant altar of Vehumet.
  6867 | D:7      | Killed an unseen horror
  6944 | D:7      | Reached skill level 12 in Spellcasting
  7231 | D:7      | Noticed a skeletal warrior
  7243 | D:7      | Killed a skeletal warrior
  7244 | D:7      | Reached skill level 5 in Necromancy
  7430 | D:7      | Reached skill level 13 in Spellcasting
  7442 | D:7      | Reached XP level 10. HP: 34/50 MP: 1/29
  7693 | D:7      | Got Sif Muna's Parchment of the Boreal Xenotype
  7892 | D:7      | Reached skill level 10 in Earth Magic
  8244 | D:8      | Noticed Amaemon
  8319 | D:8      | Noticed an orange demon
  8500 | D:8      | Succumbed to Amaemon's poison

Illustrated notes

Levels and vault maps discovered:
D:1:      kennysheep_arrival_seaside, layout_rooms,
          hellmonk_ecumenical_altar_watching_god, minmay_lizard_king
D:2:      layout_rooms, nicolae_concentric_dashed_squares_wild
D:3:      layout_loops_corners, serial_shops, shop
D:4:      layout_rooms, serial_rivers, chequers_serial_rivers_small_a,
          chequers_serial_rivers_micro_c, chequers_serial_rivers_large_a,
          chequers_serial_rivers_small_3, minmay_manual_mares
D:5:      layout_cave_pools
D:6:      layout_loops_ring, minmay_temple_entry_arrows, minmay_crystal_water,
          kennysheep_path_1
D:7:      minmay_the_grid_plus [minmay_the_grid_minigrid_large,
          minmay_the_grid_outer_circle, minmay_the_grid_zigzag_pyramid,
          minmay_the_grid_medium_cups, minmay_the_grid_prize_shrinking_boxes],
          layout_basic, grunt_temple_overflow_octagram,
          serial_library_hellmonk_u_bend, lightli_orcish_oven
D:8:      wad_arrow_thing, layout_cave_pods, nicolae_transmutations_shop,
          uniq_joseph, uniq_pikel, uniq_amaemon
Temple:   minmay_freezing_vapour_temple

Skill      XL: |  1  2  3  4  5  6  7  8  9 10 |
---------------+-------------------------------+-----
Dodging        | 3 4 |  4.0
Earth Magic    | 4 5 6 7 9 10 | 10.0
Spellcasting   | 4 5 6 7 9 11 13 | 13.6
Necromancy     | 1 2 6 7 |  7.1
Stealth        | |  2.4
Transmutations | |  1.1

Action                     |  1- 3 |  4- 6 |  7- 9 | 10-12 || total
---------------------------+-------+-------+-------+-------++-------
  Melee: Unarmed           |     5 |       |       |       ||     5
         Scimitar          |       |       |     6 |       ||     6
         Falchion          |       |       |     1 |       ||     1
   Cast: Sandblast         |    67 |    64 |     6 |     1 ||   138
         Stone Arrow       |       |     4 |    78 |    22 ||   104
         Vampiric Draining |       |       |    15 |     1 ||    16
         Brom's Barrelling |       |       |     8 |     7 ||    15
         Dispel Undead     |       |       |     3 |       ||     3
         Inner Flame       |       |       |     1 |     2 ||     3
         Passwall          |       |       |       |     1 ||     1
    Use: Scroll            |     2 |     7 |     8 |       ||    17
         Potion            |       |     1 |     1 |     1 ||     3
 Armour: Robe              |    14 |    23 |    46 |    28 ||   111
  Dodge: Dodged            |    11 |    25 |    31 |    17 ||    84

Table legend: (Time is in decaauts)
 A = Elapsed time spent in this place.
 B = Non-inter-level travel time spent in this place.
 C = Inter-level travel time spent in this place.
 D = Time resting spent in this place.
 E = Time spent auto-exploring this place.
 F = Levels seen in this place.
 G = Mean time per level.
                   A        B        C        D        E       F      G
               +--------+--------+--------+--------+--------+-----+--------+
         Total |   8597 |   7937 |    660 |   1055 |   5489 |   9 |  955.2 |
       Dungeon |   8583 |   7927 |    656 |   1055 |   5489 |   8 | 1072.9 |
        Temple |     13 |      9 |      4 |      0 |      0 |   1 |   13.0 |
               +--------+--------+--------+--------+--------+-----+--------+

Top non-repeatable levels by time:
     D:7: 2429 daAuts
     D:3: 1491 daAuts
     D:6: 1136 daAuts
     D:1: 1014 daAuts
     D:5: 873 daAuts
     D:2: 770 daAuts
     D:4: 726 daAuts
     D:8: 141 daAuts
  Temple: 13 daAuts
